 Dungeon Crawl Stone Soup version 0.30-a0-867-g305f33218d (webtiles) character file.

Game seed: 1371145209443642661

328 Dittersdorf the Shield-Bearer (level 6, -4/40 HPs)
             Began as a Gargoyle Fighter on Mar 10, 2023.
             Killed from afar by Blork the orc (10 damage)
             ... with a puff of flame
             ... on level 4 of the Dungeon.
             The game lasted 00:03:54 (2535 turns).

Dittersdorf the Shield-Bearer (Gargoyle Fighter)    Turns: 2535, Time: 00:03:54

Health: -4/40      AC: 12    Str: 21    XL:     6   Next: 50%
Magic:  6/6        EV:  9    Int:  9    God:
Gold:   102        SH:  5    Dex:  9    Spells: 5/5 levels left

rFire   . . .      SeeInvis .    i - +0 flail (protect)
rCold   . . .      Faith    .    c - +1 buckler
rNeg    + . .      Spirit   .    b - +0 scale mail
rPois   ∞          Reflect  .    e - +0 helmet
rElec   +          Rampage  .    (no cloak)
rCorr   .                        (no gloves)
Will    .....                    (no boots) Stlth
                                 j - amulet of regeneration
HPRegen 1.06/turn                (no ring)
MPRegen 0.10/turn                (no ring)

@: no status effects
A: sickness immunity, AC +4, negative energy resistance 1, electricity
resistance, torment resistance 1, petrification resistance
a: no special abilities


You were on level 4 of the Dungeon.
You visited 1 branch of the dungeon, and saw 4 of its levels.

You collected 102 gold pieces.

Inventory:

Hand Weapons
 i - a +0 flail of protection (weapon)
Missiles
 h - 6 poisoned darts (quivered)
Armour
 b - a +0 scale mail (worn)
 c - a +1 buckler (worn)
 e - a +0 helmet (worn)
Jewellery
 j - an amulet of regeneration (around neck)
Wands
 f - a wand of light (10)
Scrolls
 r - 2 scrolls of enchant armour
Potions
 d - 2 potions of might
 g - a potion of curing {unknown}
 o - a potion of lignification {unknown}
 q - a potion of brilliance
 s - 2 potions of flight {unknown}
 u - a potion of cancellation


   Skills:
 + Level 4.8 Fighting
 + Level 3.6 Maces & Flails
 + Level 4.8 Armour
 + Level 4.8 Shields


You had 5 spell levels left.
You didn't know any spells.
Your spell library contained the following spells:

 Spells                   Type           Power      Damage    Failure   Level
 Apportation              Tloc           0%         N/A       80%         1
 Magic Dart               Conj           0%         1d3       80%         1
 Necrotise                Necr           0%         1d4       80%         1
 Call Imp                 Summ           0%         N/A       90%         2
 Mephitic Cloud           Conj/Pois/Air  0%         N/A       99%         3
 Vampiric Draining        Necr           0%         2d6       99%         3
 Vhi's Electric Charge    Tloc/Air       0%         N/A       99%         3
 Dispel Undead            Necr           0%         3d6       100%        4
 Agony                    Necr           0%         N/A       100%        5
 Alistair's Intoxication  Tmut/Pois      0%         N/A       100%        5
 Arcjolt                  Conj/Air       0%         1d10      100%        5
 Death Channel            Necr           0%         N/A       100%        6
 Maxwell's Capacitive Co  Air            0%         ∞         100%        8
 Cigotuvi's Dreadful Rot  Necr/Pois/Air  Unusable   N/A       N/A         2

Dungeon Overview and Level Annotations

Branches:
Dungeon (4/15)
 Temple: D:4-7

Altars:
The Shining One

Shops:
D:2 :

Annotations:
D:4 Blork the orc, Eustachio


Innate Abilities, Weirdness & Mutations

You are immune to sickness and miasma.
Your stone body is resilient. (AC +4)
You are immune to poison.
You resist negative energy. (rN+)
You are resistant to electric shocks. (rElec)
You are resistant to unholy torment.
You are immune to petrification.


Message History

You miss the ufetubus.
The ufetubus is severely wounded.
Blork the orc screams, "I don't like you!"
Blork the orc hits you but does no damage.
The ufetubus barely misses you.
The ufetubus hits you but does no damage.
Blork the orc hits you from afar with a +0 trident.
The ufetubus barely misses you. The ufetubus hits you.
You sock the ufetubus!
Your weapon exudes an aura of protection.
You kill the ufetubus!
Blork the orc points at you and mumbles some strange words.
The puff of flame hits you!
* * * LOW HITPOINT WARNING * * *
Blork the orc points at you and mumbles some strange words.
The puff of frost hits you.
* * * LOW HITPOINT WARNING * * *
Blork the orc hits you from afar with a +0 trident.
* * * LOW HITPOINT WARNING * * *
Blork the orc casts a spell at you.
The magic dart hits you but does no damage.
Blork the orc seems less brilliant.
Blork the orc hits you from afar with a +0 trident.
* * * LOW HITPOINT WARNING * * *
Blork the orc casts a spell at you. The magic dart hits you.
* * * LOW HITPOINT WARNING * * *
Blork the orc points at you and mumbles some strange words.
The puff of frost hits you but does no damage.
Blork the orc drinks a potion.
Blork the orc's spells are empowered!
Blork the orc miscasts a cantrip.
Eustachio screams, "Hey, you killed my favourite bat!"
An iguana comes into view.
The iguana hisses angrily.
Eustachio casts a spell.
There is a stone staircase leading down here.
Blork the orc grunts loudly.
Blork the orc casts a spell at you. The puff of flame hits you!
You die...

###. .# #..) .# ##.#.
.l ##..#. ##. ###..##.
.. #...###. .# #.### #.
...###### ###.# #.# #.
#......###.@.########†#
#(
######.o...####.......#
#.
##b.@######....†...##
#. ##..#.# #..........#
#.
#..##.#####..........#
#.
#.###................#
#. #.#
#######..........# #.
#.# #..........# #. #.#
##..).....## #.


You could see Eustachio, Blork the orc (fast, empowered), an iguana and a bat
(summoned).

Vanquished Creatures
  A black bear (D:4)
  2 hounds (D:4)
  A sleepcap (D:4)
  Natasha (D:4)
  4 adders
  An ufetubus (D:4)
  A dart slug (D:3)
  2 orcs (D:3)
  7 ball pythons
  9 bats
  9 endoplasms
  A giant cockroach (D:1)
  8 goblins
  5 hobgoblins
  5 jackals
  4 quokkas
  3 frilled lizards
  9 kobolds
  4 rats
77 creatures vanquished.

Notes
Turn   | Place    | Note
-------+----------+-------------------------------------------
     0 | D:1      | Dittersdorf the Gargoyle Fighter began the quest for the
                  | Orb.
     0 | D:1      | Reached XP level 1. HP: 14/14 MP: 1/1
   182 | D:1      | Reached XP level 2. HP: 15/19 MP: 2/2
   410 | D:1      | Reached XP level 3. HP: 19/23 MP: 3/3
   995 | D:2      | Found Ysaec's Book Emporium.
  1005 | D:2      | Found a glowing golden altar of the Shining One.
  1237 | D:2      | Reached XP level 4. HP: 29/29 MP: 4/4
  2372 | D:4      | Reached XP level 5. HP: 33/33 MP: 5/5
  2425 | D:4      | Noticed Natasha
  2433 | D:4      | Killed Natasha
  2434 | D:4      | Noticed a black bear
  2448 | D:4      | Killed a black bear
  2449 | D:4      | Reached XP level 6. HP: 23/39 MP: 6/6
  2508 | D:4      | Noticed Blork the orc
  2511 | D:4      | Noticed Eustachio
  2525 | D:4      | HP: 1/40 [Blork the orc/+0 trident (6)]
  2530 | D:4      | HP: 1/40 [Blork the orc/magic dart (2)]
  2535 | D:4      | Killed from afar by Blork the orc

Illustrated notes

Levels and vault maps discovered:
D:1:      minmay_arrival_up_and_down, layout_loops_corners, minmay_octomino_e4
D:2:      layout_basic, basic_altar, serial_shops,
          nicolae_shop_advertising_works [nicolae_subvault_shop_adworks],
          nicolae_kite_square_tiling_tiny
D:3:      layout_rooms, minmay_pentomino_pile
D:4:      layout_rooms, serial_shops, nicolae_shop_stone, uniq_eustachio,
          uniq_natasha, uniq_blork_the_orc

Skill      XL: |  1  2  3  4 |
---------------+-------------+-----
Fighting       | 4 |  4.8
Armour         | 4 |  4.8
Shields        | 4 |  4.8
Maces & Flails | 3 |  3.6

Action                     |  1- 3 |  4- 6 || total
---------------------------+-------+-------++-------
  Melee: Flail             |   144 |   116 ||   260
    Use: Scroll            |       |    15 ||    15
 Armour: Scale mail        |    79 |   112 ||   191
  Dodge: Dodged            |    70 |    73 ||   143
  Block: Buckler           |    40 |    38 ||    78

Table legend: (Time is in decaauts)
 A = Elapsed time spent in this place.
 B = Non-inter-level travel time spent in this place.
 C = Inter-level travel time spent in this place.
 D = Time resting spent in this place.
 E = Time spent auto-exploring this place.
 F = Levels seen in this place.
 G = Mean time per level.
                   A        B        C        D        E       F      G
               +--------+--------+--------+--------+--------+-----+--------+
         Total |   2614 |   2423 |    191 |     75 |   1719 |   4 |  653.5 |
       Dungeon |   2614 |   2423 |    191 |     75 |   1719 |   4 |  653.5 |
               +--------+--------+--------+--------+--------+-----+--------+

Top non-repeatable levels by time:
     D:1: 1011 daAuts
     D:2: 835 daAuts
     D:3: 463 daAuts
     D:4: 304 daAuts
